Canucks vs Islander
Created - May 15, 2024 at 21:15
Goals
|
| Canucks |
3 |
2 |
3 |
8 |
| Islander |
0 |
1 |
0 |
1 |
|
Shots
|
| Canucks |
18 |
11 |
11 |
40 |
| Islander |
5 |
15 |
17 |
37 |
|
1st period
1. Canucks , Phil Di Giuseppe 3 (William Lagesson 2, Curtis Lazar 3) at 3:18
2. Canucks , Ryan Lomberg 1 (Nicolas Petan 2, Daniel Zaar 2) at 14:27
3. Canucks , Nicolas Petan 1 (Daniel Zaar 3, Ryan Lomberg 1) at 15:59
Penalties :
Alexander Yelesin (BRI) for Roughing (Minor) at 3:21, Rhett Gardner (BRI) for Tripping (Minor) at 16:06
2nd period
4. Canucks , Ryan Lomberg 2 (Daniel Zaar 4, Nicolas Petan 3) at 0:54 (PP)
5. Islander , Jordan Greenway 1 (Austin Watson 1, Slater Koekkoek 3) at 5:21
6. Canucks , Ryan Lomberg 3 (Daniel Zaar 5, Daniil Miromanov 1) at 14:34
Penalties :
Nick Blankenburg (BRI) for Holding (Minor) at 0:49, Lane Pederson (Abb) for Roughing (Minor) at 10:40, Joe Labate (BRI) for Slashing (Double Minor) at 14:53, Juuso Riikola (Abb) for Holding (Minor) at 19:48
3rd period
7. Canucks , Nicolas Petan 2 (Daniel Zaar 6, Scott Harrington 1) at 5:57 (PP)
8. Canucks , Nicolas Petan 3 (Ryan Lomberg 2) at 11:29 (PP)
9. Canucks , Tyler Graovac 1 (Juuso Riikola 2, Juho Lammikko 1) at 12:39
Penalties :
Garret Pilon (BRI) for Tripping (Minor) at 5:48, Jakub Galvas (BRI) for Slashing (Minor) at 10:50, Garret Pilon (BRI) for Fighting (Major) at 14:05, Dan Renouf (Abb) for Fighting (Major) at 14:05
Goalie Stats
Thatcher Demko (Abb), 36 saves from 37 shots - (0.973), W, 2-0-0, 60:00 minutes
Sean Maguire (BRI), 32 saves from 40 shots - (0.800), L, 0-2-0, 60:00 minutes
Players Stats for Canucks
Player Name G A P +/- PIM S H SB GA TA FO MP PP MP PK MP
------------------------------------------------------------------------------------
Adam Ollas-Mattsson 0 0 0 1 0 0 3 2 1 0 0/0 21:42 3:42 2:14
Anton Zlobin 0 0 0 0 0 0 0 0 0 0 0/0 1:15 0:57 0:00
Charles Hudon 0 0 0 0 0 0 0 0 0 0 0/0 2:07 0:54 0:55
Curtis Lazar 0 1 1 0 0 1 2 1 0 0 0/0 15:47 3:28 0:00
Dan Renouf 0 0 0 1 5 2 0 2 0 0 0/0 17:29 3:42 0:48
Daniel Zaar 0 5 5 3 0 4 0 0 1 0 1/3 22:05 4:25 0:00
Daniil Miromanov 0 1 1 1 0 0 0 1 0 0 0/0 8:53 0:28 0:00
Guillaume Brisebois 0 0 0 0 0 0 0 0 0 0 0/0 0:42 0:28 0:00
Jaret Anderson-Dolan 0 0 0 0 0 0 0 0 0 0 0/0 0:35 0:00 0:35
Jay O'Brien 0 0 0 0 0 0 0 0 0 0 0/0 0:00 0:00 0:00
Jean-Sebastien Dea 0 0 0 0 0 0 1 1 0 0 5/9 16:57 3:28 1:07
Juho Lammikko 0 1 1 1 0 3 2 1 2 0 0/0 11:04 0:45 0:00
Juuso Riikola 0 1 1 2 2 3 2 3 2 0 0/0 29:01 4:40 1:21
Lane Pederson 0 0 0 0 2 0 0 0 0 0 0/2 7:28 0:19 0:16
Mackenzie MacEachern 0 0 0 0 0 1 1 0 1 0 0/0 6:51 0:00 0:00
Michael Joly 0 0 0 0 0 0 0 0 0 0 0/0 0:00 0:00 0:00
Nicolas Petan 3 2 5 3 0 9 1 0 1 0 23/44 24:11 4:25 2:06
Phil Di Giuseppe 1 0 1 0 0 3 2 1 2 0 0/0 16:32 3:28 0:42
Rasmus Asplund 0 0 0 0 0 0 0 0 0 0 0/0 0:00 0:00 0:00
Ryan Lomberg 3 2 5 3 0 7 3 1 1 0 2/3 24:16 4:21 2:15
Scott Harrington 0 1 1 2 0 3 1 3 2 2 0/0 30:19 4:40 2:38
Trevor Moore 0 0 0 1 0 1 0 1 1 0 0/0 10:01 0:00 0:00
Tyler Graovac 1 0 1 1 0 2 0 0 0 0 1/4 10:01 0:00 0:00
William Lagesson 0 1 1 1 0 1 0 1 0 0 0/0 11:52 0:00 0:55
William Lockwood 0 0 0 0 0 0 0 0 0 0 0/0 6:51 0:00 0:00
Players Stats for Islander
Player Name G A P +/- PIM S H SB GA TA FO MP PP MP PK MP
------------------------------------------------------------------------------------
Alex Belzile 0 0 0 -1 0 1 0 0 0 2 1/1 13:47 1:40 0:00
Alexander Yelesin 0 0 0 -3 2 2 3 1 0 0 0/0 19:34 1:36 2:31
Austin Watson 0 1 1 -1 0 3 0 0 0 0 1/2 18:07 2:18 0:10
Ben Thomson 0 0 0 -1 0 3 1 4 0 2 0/0 16:50 1:40 3:00
Brett Connolly 0 0 0 -1 0 0 1 1 0 0 0/1 12:02 0:05 0:00
Connor Dewar 0 0 0 -1 0 3 2 0 0 1 2/5 10:44 0:00 2:17
Filip Zadina 0 0 0 -1 0 1 0 0 0 0 0/0 8:51 0:00 1:12
Garret Pilon 0 0 0 -1 7 0 0 0 0 1 2/5 10:14 0:00 1:12
Jakub Galvas 0 0 0 -1 2 1 1 0 0 0 0/0 12:10 0:00 1:28
Joe Labate 0 0 0 -1 4 4 3 2 0 1 25/44 22:31 2:18 2:56
Jordan Greenway 1 0 1 -1 0 5 0 0 1 1 0/0 22:04 2:13 4:26
Nick Blankenburg 0 0 0 -3 2 1 0 3 0 0 0/0 20:17 1:36 3:21
Oliver Kylington 0 0 0 0 0 1 3 0 1 2 0/0 28:21 2:22 4:51
Rhett Gardner 0 0 0 -1 2 1 1 0 0 1 2/7 16:20 1:40 2:15
Ross Colton 0 0 0 -1 0 3 1 0 0 0 0/0 7:55 0:00 0:00
Simon Benoit 0 0 0 -1 0 0 0 0 0 2 0/0 11:21 0:00 0:38
Slater Koekkoek 0 1 1 0 0 6 1 3 0 1 0/0 28:21 2:22 4:51
Tyrell Goulbourne 0 0 0 -1 0 2 1 1 0 0 0/0 11:34 0:00 0:12
3 Stars
1 - Ryan Lomberg (Abb)
2 - Nicolas Petan (Abb)
3 - Daniel Zaar (Abb)
Power Play
Canucks - 3 on 7 Attempt(s) - 42.86%
Islander - 0 on 2 Attempt(s) - 0.00%
Penalty Kill
Canucks - 2 on 2 Attempt(s) - 100.00%
- Score 0 goal in Penalty Kill
Islander - 4 on 7 Attempt(s) - 57.14%
- Score 0 goal in Penalty Kill
Team Stat
Canucks - Hits : 18 - Faceoff Wins : 32 - Blocked Shots : 18 - Penalty Minutes : 9
Islander - Hits : 18 - Faceoff Wins : 33 - Blocked Shots : 15 - Penalty Minutes : 19
Official
Referees : Chris Rooney and Furman South
Linesman : Julien Fournier and Brian Mach
Game Notes
Ryan Lomberg has scored a Hat Trick!
Nicolas Petan has scored a Hat Trick!
Garret Pilon and Dan Renouf fight to a draw at 14:05 of 3rd period
Finance
Level 1 -- Attendance: 2000 (100.00%) -- Ticket Income $140,000
Level 2 -- Attendance: 1000 (100.00%) -- Ticket Income $40,000
Total Attendance: 3000 (100.00%)
Total Ticket Income: $180,000
Other Income: $9,000
Total Income: $189,000
Canucks
5 vs 5 Forward
Center Left Wing Right Wing Time % Phy DF OF
1 Nicolas Petan Ryan Lomberg Daniel Zaar 62 0 0 5
2 Jean-Sebastien Dea Phil Di Giuseppe Curtis Lazar 26 1 2 2
3 Tyler Graovac Trevor Moore Juho Lammikko 8 1 2 2
4 Lane Pederson Mackenzie MacEachern William Lockwood 4 1 2 2
5 vs 5 Defense
Defense Defense Time % Phy DF OF
1 Scott Harrington Juuso Riikola 57 1 2 2
2 Dan Renouf Adam Ollas-Mattsson 28 1 2 2
3 William Lagesson Daniil Miromanov 10 1 2 2
4 Scott Harrington Juuso Riikola 5 1 2 2
PowerPlay Forward
Center Left Wing Right Wing Time % Phy DF OF
1 Nicolas Petan Ryan Lomberg Daniel Zaar 70 0 0 5
2 Jean-Sebastien Dea Phil Di Giuseppe Curtis Lazar 30 0 0 5
PowerPlay Defense
Defense Defense Time % Phy DF OF
1 Scott Harrington Juuso Riikola 60 1 2 2
2 Dan Renouf Adam Ollas-Mattsson 40 1 2 2
Penalty Kill 4 Players Forward
Center Wing Time % Phy DF OF
1 Nicolas Petan Ryan Lomberg 60 1 2 2
2 Jean-Sebastien Dea Phil Di Giuseppe 40 1 2 2
Penalty Kill 4 Players Defense
Defense Defense Time % Phy DF OF
1 Scott Harrington Juuso Riikola 60 1 2 2
2 Dan Renouf Adam Ollas-Mattsson 40 1 2 2
Penalty Kill - 3 Players Forward
Forward Time % Phy DF OF
1 Nicolas Petan 60 1 2 2
2 Jean-Sebastien Dea 40 1 2 2
Penalty Kill - 3 Players Defense
Defense Defense Time % Phy DF OF
1 Scott Harrington Juuso Riikola 60 1 2 2
2 Dan Renouf Adam Ollas-Mattsson 40 1 2 2
4 vs 4 Forward
Center Wing Time % Phy DF OF
1 Nicolas Petan Ryan Lomberg 60 1 2 2
2 Jean-Sebastien Dea Phil Di Giuseppe 40 1 2 2
4 vs 4 Defense
Defense Defense Time % Phy DF OF
1 Scott Harrington Juuso Riikola 60 1 2 2
2 Dan Renouf Adam Ollas-Mattsson 40 1 2 2
Last Minutes Offensive
Center Left Wing Right Wing Defense Defense
Nicolas Petan Ryan Lomberg Daniel Zaar Scott Harrington Juuso Riikola
Last Minutes Defensive
Center Left Wing Right Wing Defense Defense
Nicolas Petan Ryan Lomberg Daniel Zaar Scott Harrington Juuso Riikola
Goaltenders
Starting : Thatcher Demko
Backup : Casey DeSmith
Extra Forwards
Normal : Jean-Sebastien Dea, Juho Lammikko, Phil Di Giuseppe - PP : Jean-Sebastien Dea, Juho Lammikko - PK : Jean-Sebastien Dea
Extra Defensemen
Normal : Adam Ollas-Mattsson, William Lagesson, Daniil Miromanov - PP : Adam Ollas-Mattsson - PK : Adam Ollas-Mattsson, William Lagesson
Penalty Shots
Daniel Zaar, Curtis Lazar, Ryan Lomberg, Nicolas Petan, Jean-Sebastien Dea
Custom OT Lines Forwards
Daniel Zaar, Curtis Lazar, Ryan Lomberg, Nicolas Petan, Jean-Sebastien Dea, Juho Lammikko, Phil Di Giuseppe, Trevor Moore, Mackenzie MacEachern, Tyler Graovac
Custom OT Lines Defensemen
Scott Harrington, Juuso Riikola, Dan Renouf, Adam Ollas-Mattsson, William Lagesson
Scratches
Brandon Saigeon (Healthy), Jack Rathbone (Healthy), Michael Kesselring (Healthy), Marek Langhamer (Healthy), Michael Dipietro (Healthy)
Islander
5 vs 5 Forward
Center Left Wing Right Wing Time % Phy DF OF
1 Joe Labate Jordan Greenway Austin Watson 40 1 2 2
2 Rhett Gardner Ben Thomson Alex Belzile 30 1 2 2
3 Garret Pilon Tyrell Goulbourne Brett Connolly 20 1 2 2
4 Connor Dewar Filip Zadina Ross Colton 10 1 2 2
5 vs 5 Defense
Defense Defense Time % Phy DF OF
1 Oliver Kylington Slater Koekkoek 40 1 2 2
2 Nick Blankenburg Alexander Yelesin 30 1 2 2
3 Jakub Galvas Simon Benoit 20 1 2 2
4 Oliver Kylington Slater Koekkoek 10 1 2 2
PowerPlay Forward
Center Left Wing Right Wing Time % Phy DF OF
1 Joe Labate Jordan Greenway Austin Watson 60 1 2 2
2 Rhett Gardner Ben Thomson Alex Belzile 40 1 2 2
PowerPlay Defense
Defense Defense Time % Phy DF OF
1 Oliver Kylington Slater Koekkoek 60 1 2 2
2 Nick Blankenburg Alexander Yelesin 40 1 2 2
Penalty Kill 4 Players Forward
Center Wing Time % Phy DF OF
1 Joe Labate Jordan Greenway 60 1 2 2
2 Rhett Gardner Ben Thomson 40 1 2 2
Penalty Kill 4 Players Defense
Defense Defense Time % Phy DF OF
1 Oliver Kylington Slater Koekkoek 60 1 2 2
2 Nick Blankenburg Alexander Yelesin 40 1 2 2
Penalty Kill - 3 Players Forward
Forward Time % Phy DF OF
1 Joe Labate 60 1 2 2
2 Rhett Gardner 40 1 2 2
Penalty Kill - 3 Players Defense
Defense Defense Time % Phy DF OF
1 Oliver Kylington Slater Koekkoek 60 1 2 2
2 Nick Blankenburg Alexander Yelesin 40 1 2 2
4 vs 4 Forward
Center Wing Time % Phy DF OF
1 Joe Labate Jordan Greenway 60 1 2 2
2 Rhett Gardner Ben Thomson 40 1 2 2
4 vs 4 Defense
Defense Defense Time % Phy DF OF
1 Oliver Kylington Slater Koekkoek 60 1 2 2
2 Nick Blankenburg Alexander Yelesin 40 1 2 2
Last Minutes Offensive
Center Left Wing Right Wing Defense Defense
Joe Labate Jordan Greenway Austin Watson Oliver Kylington Slater Koekkoek
Last Minutes Defensive
Center Left Wing Right Wing Defense Defense
Joe Labate Jordan Greenway Austin Watson Oliver Kylington Slater Koekkoek
Goaltenders
Starting : Sean Maguire
Backup : Ivan Fedotov
Extra Forwards
Normal : Joe Labate, Brett Connolly, Ross Colton - PP : Joe Labate, Brett Connolly - PK : Joe Labate
Extra Defensemen
Normal : Alexander Yelesin, Jakub Galvas, Simon Benoit - PP : Alexander Yelesin - PK : Alexander Yelesin, Jakub Galvas
Penalty Shots
Jordan Greenway, Ben Thomson, Austin Watson, Alex Belzile, Joe Labate
Custom OT Lines Forwards
Jordan Greenway, Ben Thomson, Austin Watson, Alex Belzile, Joe Labate, Brett Connolly, Ross Colton, Rhett Gardner, Tyrell Goulbourne, Garret Pilon
Custom OT Lines Defensemen
Oliver Kylington, Slater Koekkoek, Nick Blankenburg, Alexander Yelesin, Jakub Galvas
Scratches
Alex Steeves (Healthy), Pavel Kraskovsky (Bruised Left Shoulder Injury), Noah Cates (Healthy), Casey Staum (Healthy), Cole Koepke (Healthy)
Chris Driedger (Healthy)
% Time on Ice - Canucks
Lines # - Real PCT - Wanted PCT - Time Play
Normal Forward
1 - 38% - 62% - 17:58
2 - 26% - 26% - 12:22
3 - 21% - 8% - 10:01
4 - 15% - 4% - 6:51
Normal Defense
1 - 49% - 57% - 23:18
2 - 33% - 28% - 15:43
3 - 17% - 10% - 8:11
4 - 0% - 5% - 0:00
PP Forward
1 - 61% - 70% - 5:22
2 - 39% - 30% - 3:28
PP Defense
1 - 53% - 60% - 4:40
2 - 47% - 40% - 4:10
PK Forward
1 - 82% - 60% - 3:16
2 - 18% - 40% - 0:42
PK Defense
1 - 80% - 60% - 3:10
2 - 20% - 40% - 0:48
PK3 Forward
1 - 0% - 60%
2 - 0% - 40%
PK3 Defense
1 - 0% - 60%
2 - 0% - 40%
44 Forward
1 - 0% - 60%
2 - 0% - 40%
44 Defense
1 - 0% - 60%
2 - 0% - 40%
Last Minute Offensive - 0:00
Last Minute Defensive - 0:00
Total
Forward - 60:00
Defense - 60:00
|
% Time on Ice - Islander
Lines # - Real PCT - Wanted PCT - Time Play
Normal Forward
1 - 33% - 40% - 15:46
2 - 26% - 30% - 12:26
3 - 24% - 20% - 11:21
4 - 16% - 10% - 7:39
Normal Defense
1 - 41% - 40% - 19:22
2 - 33% - 30% - 15:21
3 - 23% - 20% - 10:43
4 - 4% - 10% - 1:46
PP Forward
1 - 58% - 60% - 2:18
2 - 42% - 40% - 1:40
PP Defense
1 - 60% - 60% - 2:22
2 - 40% - 40% - 1:36
PK Forward
1 - 84% - 60% - 7:24
2 - 16% - 40% - 1:26
PK Defense
1 - 62% - 60% - 5:29
2 - 38% - 40% - 3:21
PK3 Forward
1 - 0% - 60%
2 - 0% - 40%
PK3 Defense
1 - 0% - 60%
2 - 0% - 40%
44 Forward
1 - 0% - 60%
2 - 0% - 40%
44 Defense
1 - 0% - 60%
2 - 0% - 40%
Last Minute Offensive - 0:00
Last Minute Defensive - 0:00
Total
Forward - 60:00
Defense - 60:00
|
Play-by-Play
1st period
0:01 of 1st period - Nicolas Petan wins face-off versus Joe Labate in neutral zone.
0:33 of 1st period - Wrist shot by Ben Thomson.
0:33 of 1st period - Shot Blocked by Juuso Riikola.
0:35 of 1st period - Slapshot by Oliver Kylington.
0:35 of 1st period - Deflect By Alex Belzile.
0:35 of 1st period - Shot Blocked by Jean-Sebastien Dea.
0:35 of 1st period - Puck is out of play.
0:36 of 1st period - Garret Pilon wins face-off versus Tyler Graovac in Canucks zone.
0:47 of 1st period - Wrist shot by Brett Connolly.
0:47 of 1st period - Shot Misses the Net.
0:49 of 1st period - Snap shot by Garret Pilon.
0:49 of 1st period - Shot Misses the Net.
1:01 of 1st period - Alexander Yelesin is hit by Ryan Lomberg and loses puck.
1:10 of 1st period - Adam Ollas-Mattsson is hit by Ross Colton and loses puck.
1:27 of 1st period - Snap shot by Curtis Lazar.
1:27 of 1st period - Shot Misses the Net.
1:29 of 1st period - Snap shot by Dan Renouf.
1:29 of 1st period - Shot Misses the Net.
1:33 of 1st period - Wrist shot by Curtis Lazar.
1:33 of 1st period - Shot Misses the Net.
1:48 of 1st period - Off-side.
1:49 of 1st period - Nicolas Petan wins face-off versus Rhett Gardner in neutral zone.
1:54 of 1st period - Wrist shot by Daniel Zaar.
1:54 of 1st period - Shot Misses the Net.
1:56 of 1st period - Snap shot by Nicolas Petan.
1:56 of 1st period - Shot Misses the Net.
1:58 of 1st period - Slapshot by Juuso Riikola.
1:58 of 1st period - Stopped by Sean Maguire without a rebound.
1:59 of 1st period - Nicolas Petan wins face-off versus Rhett Gardner in Islander zone.
2:02 of 1st period - Wrist shot by Ryan Lomberg.
2:02 of 1st period - Shot Blocked by Slater Koekkoek.
2:16 of 1st period - Snap shot by Nicolas Petan.
2:16 of 1st period - Shot Misses the Net.
2:48 of 1st period - Snap shot by Daniel Zaar.
2:48 of 1st period - Stopped by Sean Maguire with a rebound.
2:50 of 1st period - Snap shot by Nicolas Petan.
2:50 of 1st period - Stopped by Sean Maguire with a rebound.
3:04 of 1st period - Snap shot by Daniel Zaar.
3:04 of 1st period - Shot Blocked by Ben Thomson.
3:06 of 1st period - Wrist shot by Nicolas Petan.
3:06 of 1st period - Stopped by Sean Maguire with a rebound.
3:10 of 1st period - Wrist shot by Ryan Lomberg.
3:10 of 1st period - Stopped by Sean Maguire without a rebound.
3:11 of 1st period - Jean-Sebastien Dea wins face-off versus Joe Labate in Islander zone.
3:14 of 1st period - Snap shot by Curtis Lazar.
3:14 of 1st period - Shot Blocked by Nick Blankenburg.
3:18 of 1st period - Snap shot by Phil Di Giuseppe.
3:18 of 1st period - Goal by Phil Di Giuseppe - Canucks : 1 - Islander : 0.
3:19 of 1st period - Austin Watson wins face-off versus Jean-Sebastien Dea in neutral zone.
3:21 of 1st period - Minor Penalty to Alexander Yelesin for Roughing.
3:22 of 1st period - Nicolas Petan wins face-off versus Joe Labate in Islander zone.
3:38 of 1st period - Snap shot by Nicolas Petan.
3:38 of 1st period - Stopped by Sean Maguire without a rebound.
3:39 of 1st period - Joe Labate wins face-off versus Nicolas Petan in Islander zone.
4:55 of 1st period - Icing by Dan Renouf.
4:56 of 1st period - Joe Labate wins face-off versus Nicolas Petan in Canucks zone.
5:09 of 1st period - Snap shot by Curtis Lazar.
5:09 of 1st period - Stopped by Sean Maguire without a rebound.
5:10 of 1st period - Joe Labate wins face-off versus Jean-Sebastien Dea in Islander zone.
5:21 of 1st period - Penalty to Alexander Yelesin is over, Alexander Yelesin is back on ice.
5:35 of 1st period - Oliver Kylington is hit by Nicolas Petan.
5:41 of 1st period - Scott Harrington is hit by Brett Connolly.
5:57 of 1st period - Wrist shot by Ross Colton.
5:57 of 1st period - Stopped by Thatcher Demko with a rebound.
6:40 of 1st period - Wrist shot by Tyrell Goulbourne.
6:40 of 1st period - Stopped by Thatcher Demko without a rebound.
6:41 of 1st period - Nicolas Petan wins face-off versus Garret Pilon in Canucks zone.
6:48 of 1st period - Wrist shot by Nicolas Petan.
6:48 of 1st period - Stopped by Sean Maguire with a rebound.
6:50 of 1st period - Wrist shot by Ryan Lomberg.
6:50 of 1st period - Shot Blocked by Brett Connolly.
6:52 of 1st period - Slapshot by Scott Harrington.
6:52 of 1st period - Stopped by Sean Maguire with a rebound.
7:50 of 1st period - Daniel Zaar is hit by Oliver Kylington and loses puck.
8:32 of 1st period - Snap shot by Mackenzie MacEachern.
8:32 of 1st period - Deflect By Lane Pederson.
8:32 of 1st period - Shot Misses the Net.
8:32 of 1st period - Puck is out of play.
8:33 of 1st period - Joe Labate wins face-off versus Daniel Zaar in Islander zone.
8:37 of 1st period - Off-side.
8:38 of 1st period - Joe Labate wins face-off versus Nicolas Petan in neutral zone.
9:06 of 1st period - Snap shot by Mackenzie MacEachern.
9:06 of 1st period - Stopped by Sean Maguire with a rebound.
9:24 of 1st period - Slapshot by Austin Watson.
9:24 of 1st period - Shot Misses the Net.
9:36 of 1st period - Wrist shot by Curtis Lazar.
9:36 of 1st period - Shot Blocked by Joe Labate.
9:48 of 1st period - Daniel Zaar is hit by Jakub Galvas and loses puck.
10:27 of 1st period - Dan Renouf is hit by Connor Dewar and loses puck.
10:58 of 1st period - Rhett Gardner is hit by Curtis Lazar and loses puck.
11:25 of 1st period - Ross Colton is hit by Mackenzie MacEachern and loses puck.
11:57 of 1st period - Backhand shot by Curtis Lazar.
11:57 of 1st period - Deflect By Phil Di Giuseppe.
11:57 of 1st period - Stopped by Sean Maguire with a rebound.
12:17 of 1st period - Nick Blankenburg is hit by Ryan Lomberg and loses puck.
12:30 of 1st period - Tyler Graovac is hit by Tyrell Goulbourne and loses puck.
13:06 of 1st period - Slapshot by Phil Di Giuseppe.
13:06 of 1st period - Stopped by Sean Maguire with a rebound.
13:36 of 1st period - Backhand shot by Oliver Kylington.
13:36 of 1st period - Shot Blocked by Dan Renouf.
13:38 of 1st period - Snap shot by Garret Pilon.
13:38 of 1st period - Shot Misses the Net.
13:40 of 1st period - Snap shot by Slater Koekkoek.
13:40 of 1st period - Shot Blocked by Juho Lammikko.
13:42 of 1st period - Slapshot by Oliver Kylington.
13:42 of 1st period - Shot Misses the Net.
13:44 of 1st period - Slapshot by Slater Koekkoek.
13:44 of 1st period - Shot Misses the Net.
13:46 of 1st period - Slapshot by Slater Koekkoek.
13:46 of 1st period - Stopped by Thatcher Demko without a rebound.
13:47 of 1st period - Ryan Lomberg wins face-off versus Joe Labate in Canucks zone.
13:56 of 1st period - Slapshot by Nicolas Petan.
13:56 of 1st period - Stopped by Sean Maguire without a rebound.
13:57 of 1st period - Nicolas Petan wins face-off versus Austin Watson in Islander zone.
14:13 of 1st period - Snap shot by Jordan Greenway.
14:13 of 1st period - Shot Misses the Net.
14:25 of 1st period - Slapshot by Nicolas Petan.
14:25 of 1st period - Stopped by Sean Maguire with a rebound.
14:27 of 1st period - Wrist shot by Nicolas Petan.
14:27 of 1st period - Deflect By Ryan Lomberg.
14:27 of 1st period - Goal by Ryan Lomberg - Canucks : 2 - Islander : 0.
14:28 of 1st period - Joe Labate wins face-off versus Nicolas Petan in neutral zone.
14:38 of 1st period - Off-side.
14:39 of 1st period - Joe Labate wins face-off versus Nicolas Petan in neutral zone.
15:35 of 1st period - Snap shot by Austin Watson.
15:35 of 1st period - Stopped by Thatcher Demko with a rebound.
15:49 of 1st period - Wrist shot by Jordan Greenway.
15:49 of 1st period - Stopped by Thatcher Demko without a rebound.
15:50 of 1st period - Rhett Gardner wins face-off versus Nicolas Petan in Canucks zone.
15:59 of 1st period - Snap shot by Nicolas Petan.
15:59 of 1st period - Goal by Nicolas Petan - Canucks : 3 - Islander : 0.
16:00 of 1st period - Nicolas Petan wins face-off versus Rhett Gardner in neutral zone.
16:06 of 1st period - Minor Penalty to Rhett Gardner for Tripping.
16:07 of 1st period - Nicolas Petan wins face-off versus Joe Labate in Islander zone.
16:12 of 1st period - Wrist shot by Nicolas Petan.
16:12 of 1st period - Shot Misses the Net.
16:14 of 1st period - Slapshot by Scott Harrington.
16:14 of 1st period - Shot Blocked by Slater Koekkoek.
17:50 of 1st period - Nick Blankenburg is hit by Phil Di Giuseppe and loses puck.
18:06 of 1st period - Penalty to Rhett Gardner is over, Rhett Gardner is back on ice.
18:09 of 1st period - Rhett Gardner is hit by Juho Lammikko and loses puck.
18:14 of 1st period - Snap shot by Juho Lammikko.
18:14 of 1st period - Shot Misses the Net.
18:16 of 1st period - Slapshot by William Lagesson.
18:16 of 1st period - Shot Misses the Net.
18:18 of 1st period - Snap shot by William Lagesson.
18:18 of 1st period - Stopped by Sean Maguire with a rebound.
18:20 of 1st period - Snap shot by Daniil Miromanov.
18:20 of 1st period - Shot Blocked by Ben Thomson.
18:30 of 1st period - Lane Pederson is hit by Alexander Yelesin and loses puck.
19:53 of 1st period - Brett Connolly is hit by Curtis Lazar and loses puck.
Goals for this period are 3 for Canucks vs 0 for Islander.
Shots for this period are 18 for Canucks vs 5 for Islander.
2nd period
0:01 of 2nd period - Joe Labate wins face-off versus Daniel Zaar in neutral zone.
0:26 of 2nd period - Jean-Sebastien Dea is hit by Rhett Gardner and loses puck.
0:49 of 2nd period - Minor Penalty to Nick Blankenburg for Holding.
0:50 of 2nd period - Nicolas Petan wins face-off versus Joe Labate in Islander zone.
0:52 of 2nd period - Snap shot by Ryan Lomberg.
0:52 of 2nd period - Stopped by Sean Maguire with a rebound.
0:54 of 2nd period - Snap shot by Daniel Zaar.
0:54 of 2nd period - Deflect By Ryan Lomberg.
0:54 of 2nd period - Goal by Ryan Lomberg - Canucks : 4 - Islander : 0.
0:55 of 2nd period - Nicolas Petan wins face-off versus Joe Labate in neutral zone.
1:06 of 2nd period - Wrist shot by Daniel Zaar.
1:06 of 2nd period - Shot Misses the Net.
1:08 of 2nd period - Snap shot by Daniel Zaar.
1:08 of 2nd period - Stopped by Sean Maguire with a rebound.
1:10 of 2nd period - Wrist shot by Daniel Zaar.
1:10 of 2nd period - Stopped by Sean Maguire with a rebound.
1:29 of 2nd period - Snap shot by Alex Belzile.
1:29 of 2nd period - Stopped by Thatcher Demko with a rebound.
1:31 of 2nd period - Wrist shot by Ben Thomson.
1:31 of 2nd period - Stopped by Thatcher Demko without a rebound.
1:32 of 2nd period - Ryan Lomberg wins face-off versus Joe Labate in Canucks zone.
1:43 of 2nd period - Wrist shot by Nicolas Petan.
1:43 of 2nd period - Deflect By Daniel Zaar.
1:43 of 2nd period - Stopped by Sean Maguire without a rebound.
1:44 of 2nd period - Nicolas Petan wins face-off versus Joe Labate in Islander zone.
2:04 of 2nd period - Scott Harrington is hit by Joe Labate and loses puck.
2:47 of 2nd period - Off-side.
2:48 of 2nd period - Daniel Zaar wins face-off versus Joe Labate in neutral zone.
2:52 of 2nd period - Off-side.
2:53 of 2nd period - Joe Labate wins face-off versus Nicolas Petan in neutral zone.
3:28 of 2nd period - Snap shot by Curtis Lazar.
3:28 of 2nd period - Shot Misses the Net.
3:30 of 2nd period - Slapshot by Dan Renouf.
3:30 of 2nd period - Stopped by Sean Maguire without a rebound.
3:31 of 2nd period - Nicolas Petan wins face-off versus Garret Pilon in Islander zone.
4:05 of 2nd period - Slapshot by Juuso Riikola.
4:05 of 2nd period - Stopped by Sean Maguire with a rebound.
4:21 of 2nd period - Slapshot by Scott Harrington.
4:21 of 2nd period - Stopped by Sean Maguire with a rebound.
4:23 of 2nd period - Slapshot by Scott Harrington.
4:23 of 2nd period - Stopped by Sean Maguire with a rebound.
4:43 of 2nd period - Snap shot by Connor Dewar.
4:43 of 2nd period - Stopped by Thatcher Demko with a rebound.
4:45 of 2nd period - Slapshot by Jakub Galvas.
4:45 of 2nd period - Deflect By Dan Renouf.
4:45 of 2nd period - Stopped by Thatcher Demko with a rebound.
4:47 of 2nd period - Slapshot by Connor Dewar.
4:47 of 2nd period - Stopped by Thatcher Demko with a rebound.
5:21 of 2nd period - Wrist shot by Jordan Greenway.
5:21 of 2nd period - Goal by Jordan Greenway - Canucks : 4 - Islander : 1.
5:22 of 2nd period - Joe Labate wins face-off versus Nicolas Petan in neutral zone.
5:25 of 2nd period - Wrist shot by Jordan Greenway.
5:25 of 2nd period - Stopped by Thatcher Demko with a rebound.
6:37 of 2nd period - Slapshot by Alexander Yelesin.
6:37 of 2nd period - Deflect By William Lockwood.
6:37 of 2nd period - Stopped by Thatcher Demko without a rebound.
6:38 of 2nd period - Joe Labate wins face-off versus Lane Pederson in Canucks zone.
6:50 of 2nd period - Juuso Riikola is hit by Oliver Kylington and loses puck.
7:05 of 2nd period - Daniel Zaar is hit by Ben Thomson and loses puck.
7:34 of 2nd period - Slapshot by Ross Colton.
7:34 of 2nd period - Deflect By Phil Di Giuseppe.
7:34 of 2nd period - Shot Misses the Net.
7:34 of 2nd period - Puck is out of play.
7:35 of 2nd period - Connor Dewar wins face-off versus Jean-Sebastien Dea in Canucks zone.
7:54 of 2nd period - Slapshot by Adam Ollas-Mattsson.
7:54 of 2nd period - Shot Misses the Net.
8:00 of 2nd period - Oliver Kylington is hit by Adam Ollas-Mattsson and loses puck.
8:07 of 2nd period - Slapshot by Slater Koekkoek.
8:07 of 2nd period - Shot Misses the Net.
8:09 of 2nd period - Slapshot by Jakub Galvas.
8:09 of 2nd period - Shot Blocked by Adam Ollas-Mattsson.
8:11 of 2nd period - Wrist shot by Jakub Galvas.
8:11 of 2nd period - Shot Misses the Net.
8:13 of 2nd period - Wrist shot by Ross Colton.
8:13 of 2nd period - Stopped by Thatcher Demko with a rebound.
8:15 of 2nd period - Wrist shot by Ross Colton.
8:15 of 2nd period - Stopped by Thatcher Demko with a rebound.
8:17 of 2nd period - Slapshot by Simon Benoit.
8:17 of 2nd period - Shot Blocked by Dan Renouf.
8:19 of 2nd period - Wrist shot by Ross Colton.
8:19 of 2nd period - Shot Blocked by Adam Ollas-Mattsson.
8:21 of 2nd period - Snap shot by Jakub Galvas.
8:21 of 2nd period - Shot Misses the Net.
8:25 of 2nd period - Snap shot by Filip Zadina.
8:25 of 2nd period - Shot Misses the Net.
8:27 of 2nd period - Snap shot by Nick Blankenburg.
8:27 of 2nd period - Shot Blocked by Curtis Lazar.
8:29 of 2nd period - Slapshot by Alexander Yelesin.
8:29 of 2nd period - Stopped by Thatcher Demko without a rebound.
8:30 of 2nd period - Nicolas Petan wins face-off versus Joe Labate in Canucks zone.
8:30 of 2nd period - Nicolas Petan is hit by Alexander Yelesin.
8:42 of 2nd period - Snap shot by Jordan Greenway.
8:42 of 2nd period - Shot Misses the Net.
9:01 of 2nd period - Slapshot by Juuso Riikola.
9:01 of 2nd period - Shot Blocked by Ben Thomson.
9:03 of 2nd period - Snap shot by Juho Lammikko.
9:03 of 2nd period - Deflect By Tyler Graovac.
9:03 of 2nd period - Stopped by Sean Maguire without a rebound.
9:04 of 2nd period - Nicolas Petan wins face-off versus Joe Labate in Islander zone.
9:09 of 2nd period - Wrist shot by Ryan Lomberg.
9:09 of 2nd period - Shot Misses the Net.
10:40 of 2nd period - Minor Penalty to Lane Pederson for Roughing.
10:41 of 2nd period - Nicolas Petan wins face-off versus Joe Labate in Canucks zone.
10:55 of 2nd period - Austin Watson is hit by Ryan Lomberg and loses puck.
12:40 of 2nd period - Penalty to Lane Pederson is over, Lane Pederson is back on ice.
14:34 of 2nd period - Snap shot by Ryan Lomberg.
14:34 of 2nd period - Goal by Ryan Lomberg - Canucks : 5 - Islander : 1.
14:35 of 2nd period - Joe Labate wins face-off versus Nicolas Petan in neutral zone.
14:53 of 2nd period - Double Minor Penalty to Joe Labate for Slashing.
14:54 of 2nd period - Nicolas Petan wins face-off versus Connor Dewar in Islander zone.
15:28 of 2nd period - Slapshot by Juuso Riikola.
15:28 of 2nd period - Shot Misses the Net.
15:30 of 2nd period - Wrist shot by Juuso Riikola.
15:30 of 2nd period - Shot Misses the Net.
15:32 of 2nd period - Snap shot by Jean-Sebastien Dea.
15:32 of 2nd period - Shot Misses the Net.
16:24 of 2nd period - Dan Renouf is hit by Slater Koekkoek and loses puck.
17:03 of 2nd period - Scott Harrington is hit by Alexander Yelesin and loses puck.
18:53 of 2nd period - Penalty to Joe Labate is over, Joe Labate is back on ice.
19:09 of 2nd period - Snap shot by Joe Labate.
19:09 of 2nd period - Stopped by Thatcher Demko without a rebound.
19:10 of 2nd period - Joe Labate wins face-off versus Tyler Graovac in Canucks zone.
19:19 of 2nd period - Wrist shot by Joe Labate.
19:19 of 2nd period - Shot Blocked by Trevor Moore.
19:21 of 2nd period - Snap shot by Joe Labate.
19:21 of 2nd period - Stopped by Thatcher Demko without a rebound.
19:22 of 2nd period - Rhett Gardner wins face-off versus Jean-Sebastien Dea in Canucks zone.
19:23 of 2nd period - Slapshot by Alex Belzile.
19:23 of 2nd period - Deflect By Jean-Sebastien Dea.
19:23 of 2nd period - Shot Misses the Net.
19:23 of 2nd period - Puck is out of play.
19:24 of 2nd period - Jean-Sebastien Dea wins face-off versus Rhett Gardner in Canucks zone.
19:37 of 2nd period - Snap shot by Rhett Gardner.
19:37 of 2nd period - Stopped by Thatcher Demko without a rebound.
19:38 of 2nd period - Joe Labate wins face-off versus Nicolas Petan in Canucks zone.
19:45 of 2nd period - Wrist shot by Joe Labate.
19:45 of 2nd period - Deflect By Austin Watson.
19:45 of 2nd period - Stopped by Thatcher Demko without a rebound.
19:46 of 2nd period - Nicolas Petan wins face-off versus Joe Labate in Canucks zone.
19:48 of 2nd period - Minor Penalty to Juuso Riikola for Holding.
19:49 of 2nd period - Nicolas Petan wins face-off versus Joe Labate in Canucks zone.
Goals for this period are 2 for Canucks vs 1 for Islander.
Shots for this period are 11 for Canucks vs 15 for Islander.
3rd period
0:01 of 3rd period - Joe Labate wins face-off versus Nicolas Petan in neutral zone.
0:06 of 3rd period - Joe Labate is hit by Adam Ollas-Mattsson and loses puck.
1:48 of 3rd period - Penalty to Juuso Riikola is over, Juuso Riikola is back on ice.
1:53 of 3rd period - Alexander Yelesin is hit by Juho Lammikko and loses puck.
2:00 of 3rd period - Slapshot by Juho Lammikko.
2:00 of 3rd period - Shot Misses the Net.
2:02 of 3rd period - Slapshot by Adam Ollas-Mattsson.
2:02 of 3rd period - Shot Blocked by Alexander Yelesin.
2:04 of 3rd period - Snap shot by Juho Lammikko.
2:04 of 3rd period - Deflect By Tyler Graovac.
2:04 of 3rd period - Shot Blocked by Nick Blankenburg.
2:04 of 3rd period - Puck is out of play.
2:05 of 3rd period - Jean-Sebastien Dea wins face-off versus Garret Pilon in Islander zone.
2:21 of 3rd period - Simon Benoit is hit by Juuso Riikola and loses puck.
2:32 of 3rd period - Juuso Riikola is hit by Connor Dewar and loses puck.
2:54 of 3rd period - Juho Lammikko is hit by Oliver Kylington and loses puck.
3:18 of 3rd period - Icing by Lane Pederson.
3:19 of 3rd period - Joe Labate wins face-off versus Lane Pederson in Canucks zone.
3:20 of 3rd period - Snap shot by Jordan Greenway.
3:20 of 3rd period - Stopped by Thatcher Demko without a rebound.
3:21 of 3rd period - Joe Labate wins face-off versus Nicolas Petan in Canucks zone.
3:48 of 3rd period - Simon Benoit is hit by Jean-Sebastien Dea and loses puck.
4:17 of 3rd period - Slapshot by Brett Connolly.
4:17 of 3rd period - Shot Blocked by Daniil Miromanov.
4:39 of 3rd period - Slapshot by Oliver Kylington.
4:39 of 3rd period - Shot Misses the Net.
5:12 of 3rd period - Nick Blankenburg is hit by Scott Harrington and loses puck.
5:21 of 3rd period - Wrist shot by Ben Thomson.
5:21 of 3rd period - Stopped by Thatcher Demko with a rebound.
5:48 of 3rd period - Minor Penalty to Garret Pilon for Tripping.
5:49 of 3rd period - Joe Labate wins face-off versus Nicolas Petan in Islander zone.
5:57 of 3rd period - Snap shot by Nicolas Petan.
5:57 of 3rd period - Goal by Nicolas Petan - Canucks : 6 - Islander : 1.
5:58 of 3rd period - Nicolas Petan wins face-off versus Joe Labate in neutral zone.
6:27 of 3rd period - Wrist shot by Trevor Moore.
6:27 of 3rd period - Stopped by Sean Maguire with a rebound.
7:02 of 3rd period - Snap shot by Alex Belzile.
7:02 of 3rd period - Shot Misses the Net.
7:24 of 3rd period - Slapshot by Oliver Kylington.
7:24 of 3rd period - Shot Blocked by Juuso Riikola.
8:38 of 3rd period - Snap shot by Mackenzie MacEachern.
8:38 of 3rd period - Shot Misses the Net.
8:40 of 3rd period - Snap shot by Mackenzie MacEachern.
8:40 of 3rd period - Shot Misses the Net.
8:42 of 3rd period - Snap shot by William Lockwood.
8:42 of 3rd period - Shot Misses the Net.
8:58 of 3rd period - Snap shot by Ben Thomson.
8:58 of 3rd period - Stopped by Thatcher Demko with a rebound.
10:02 of 3rd period - Backhand shot by Austin Watson.
10:02 of 3rd period - Shot Misses the Net.
10:04 of 3rd period - Snap shot by Jordan Greenway.
10:04 of 3rd period - Stopped by Thatcher Demko with a rebound.
10:06 of 3rd period - Wrist shot by Joe Labate.
10:06 of 3rd period - Stopped by Thatcher Demko without a rebound.
10:07 of 3rd period - Joe Labate wins face-off versus Nicolas Petan in Canucks zone.
10:14 of 3rd period - Jordan Greenway is hit by Adam Ollas-Mattsson and loses puck.
10:21 of 3rd period - Wrist shot by Daniel Zaar.
10:21 of 3rd period - Shot Misses the Net.
10:33 of 3rd period - Snap shot by Connor Dewar.
10:33 of 3rd period - Stopped by Thatcher Demko without a rebound.
10:34 of 3rd period - Jean-Sebastien Dea wins face-off versus Connor Dewar in Canucks zone.
10:50 of 3rd period - Minor Penalty to Jakub Galvas for Slashing.
10:51 of 3rd period - Joe Labate wins face-off versus Nicolas Petan in Islander zone.
11:06 of 3rd period - Snap shot by Nicolas Petan.
11:06 of 3rd period - Shot Blocked by Joe Labate.
11:21 of 3rd period - Slapshot by Adam Ollas-Mattsson.
11:21 of 3rd period - Shot Blocked by Ben Thomson.
11:23 of 3rd period - Slapshot by Adam Ollas-Mattsson.
11:23 of 3rd period - Shot Misses the Net.
11:25 of 3rd period - Wrist shot by Dan Renouf.
11:25 of 3rd period - Stopped by Sean Maguire without a rebound.
11:26 of 3rd period - Nicolas Petan wins face-off versus Joe Labate in Islander zone.
11:27 of 3rd period - Snap shot by Ryan Lomberg.
11:27 of 3rd period - Stopped by Sean Maguire with a rebound.
11:29 of 3rd period - Wrist shot by Nicolas Petan.
11:29 of 3rd period - Goal by Nicolas Petan - Canucks : 7 - Islander : 1.
11:30 of 3rd period - Joe Labate wins face-off versus Nicolas Petan in neutral zone.
11:37 of 3rd period - Snap shot by Jordan Greenway.
11:37 of 3rd period - Shot Blocked by Juuso Riikola.
11:39 of 3rd period - Slapshot by Joe Labate.
11:39 of 3rd period - Shot Blocked by Scott Harrington.
11:41 of 3rd period - Wrist shot by Joe Labate.
11:41 of 3rd period - Stopped by Thatcher Demko with a rebound.
11:43 of 3rd period - Slapshot by Slater Koekkoek.
11:43 of 3rd period - Stopped by Thatcher Demko without a rebound.
11:44 of 3rd period - Joe Labate wins face-off versus Nicolas Petan in Canucks zone.
11:55 of 3rd period - Slapshot by Oliver Kylington.
11:55 of 3rd period - Shot Misses the Net.
11:57 of 3rd period - Slapshot by Slater Koekkoek.
11:57 of 3rd period - Stopped by Thatcher Demko with a rebound.
11:59 of 3rd period - Slapshot by Oliver Kylington.
11:59 of 3rd period - Shot Misses the Net.
12:33 of 3rd period - Wrist shot by Trevor Moore.
12:33 of 3rd period - Shot Hit the Post.
12:35 of 3rd period - Slapshot by Juho Lammikko.
12:35 of 3rd period - Stopped by Sean Maguire with a rebound.
12:37 of 3rd period - Slapshot by Juuso Riikola.
12:37 of 3rd period - Stopped by Sean Maguire with a rebound.
12:39 of 3rd period - Snap shot by Tyler Graovac.
12:39 of 3rd period - Goal by Tyler Graovac - Canucks : 8 - Islander : 1.
12:40 of 3rd period - Joe Labate wins face-off versus Nicolas Petan in neutral zone.
12:43 of 3rd period - Wrist shot by Austin Watson.
12:43 of 3rd period - Stopped by Thatcher Demko without a rebound.
12:44 of 3rd period - Nicolas Petan wins face-off versus Joe Labate in Canucks zone.
12:44 of 3rd period - Nicolas Petan is hit by Joe Labate.
12:58 of 3rd period - Wrist shot by Daniel Zaar.
12:58 of 3rd period - Shot Misses the Net.
13:00 of 3rd period - Snap shot by Ryan Lomberg.
13:00 of 3rd period - Stopped by Sean Maguire without a rebound.
13:01 of 3rd period - Alex Belzile wins face-off versus Nicolas Petan in Islander zone.
13:52 of 3rd period - Slapshot by Nick Blankenburg.
13:52 of 3rd period - Stopped by Thatcher Demko without a rebound.
13:53 of 3rd period - Garret Pilon wins face-off versus Tyler Graovac in Canucks zone.
14:05 of 3rd period - Garret Pilon and Dan Renouf fight to a draw.
14:05 of 3rd period - Penalty to Garret Pilon for Fighting.
14:05 of 3rd period - Penalty to Dan Renouf for Fighting.
14:06 of 3rd period - Joe Labate wins face-off versus Ryan Lomberg in Canucks zone.
14:11 of 3rd period - Backhand shot by Oliver Kylington.
14:11 of 3rd period - Stopped by Thatcher Demko with a rebound.
14:13 of 3rd period - Slapshot by Slater Koekkoek.
14:13 of 3rd period - Deflect By Ryan Lomberg.
14:13 of 3rd period - Stopped by Thatcher Demko with a rebound.
14:15 of 3rd period - Wrist shot by Joe Labate.
14:15 of 3rd period - Shot Blocked by Scott Harrington.
14:17 of 3rd period - Slapshot by Slater Koekkoek.
14:17 of 3rd period - Stopped by Thatcher Demko with a rebound.
14:19 of 3rd period - Slapshot by Oliver Kylington.
14:19 of 3rd period - Shot Blocked by Ryan Lomberg.
14:21 of 3rd period - Snap shot by Joe Labate.
14:21 of 3rd period - Shot Blocked by Scott Harrington.
14:33 of 3rd period - Oliver Kylington is hit by Phil Di Giuseppe and loses puck.
14:57 of 3rd period - Icing by Adam Ollas-Mattsson.
14:58 of 3rd period - Tyler Graovac wins face-off versus Brett Connolly in Canucks zone.
14:58 of 3rd period - Tyler Graovac is hit by Joe Labate.
15:12 of 3rd period - Snap shot by Juho Lammikko.
15:12 of 3rd period - Shot Misses the Net.
15:14 of 3rd period - Slapshot by William Lagesson.
15:14 of 3rd period - Shot Blocked by Tyrell Goulbourne.
15:22 of 3rd period - Wrist shot by Juho Lammikko.
15:22 of 3rd period - Stopped by Sean Maguire with a rebound.
15:24 of 3rd period - Slapshot by William Lagesson.
15:24 of 3rd period - Shot Blocked by Nick Blankenburg.
15:26 of 3rd period - Slapshot by Trevor Moore.
15:26 of 3rd period - Deflect By Juho Lammikko.
15:26 of 3rd period - Stopped by Sean Maguire with a rebound.
15:28 of 3rd period - Wrist shot by Trevor Moore.
15:28 of 3rd period - Shot Misses the Net.
15:47 of 3rd period - Icing by Brett Connolly.
15:48 of 3rd period - Nicolas Petan wins face-off versus Joe Labate in Islander zone.
16:18 of 3rd period - Slapshot by Alex Belzile.
16:18 of 3rd period - Deflect By Ben Thomson.
16:18 of 3rd period - Shot Blocked by Phil Di Giuseppe.
16:18 of 3rd period - Puck is out of play.
16:19 of 3rd period - Nicolas Petan wins face-off versus Rhett Gardner in Canucks zone.
16:50 of 3rd period - Slapshot by Oliver Kylington.
16:50 of 3rd period - Deflect By Filip Zadina.
16:50 of 3rd period - Stopped by Thatcher Demko with a rebound.
16:52 of 3rd period - Slapshot by Slater Koekkoek.
16:52 of 3rd period - Stopped by Thatcher Demko with a rebound.
16:54 of 3rd period - Wrist shot by Filip Zadina.
16:54 of 3rd period - Shot Blocked by William Lagesson.
18:39 of 3rd period - Alexander Yelesin is hit by Juuso Riikola and loses puck.
18:55 of 3rd period - Icing by Scott Harrington.
18:56 of 3rd period - Jean-Sebastien Dea wins face-off versus Connor Dewar in Canucks zone.
19:01 of 3rd period - Wrist shot by Curtis Lazar.
19:01 of 3rd period - Shot Blocked by Slater Koekkoek.
19:04 of 3rd period - Icing by Oliver Kylington.
19:05 of 3rd period - Connor Dewar wins face-off versus Nicolas Petan in Islander zone.
19:20 of 3rd period - Wrist shot by Tyrell Goulbourne.
19:20 of 3rd period - Stopped by Thatcher Demko without a rebound.
19:21 of 3rd period - Joe Labate wins face-off versus Nicolas Petan in Canucks zone.
19:50 of 3rd period - Snap shot by Joe Labate.
19:50 of 3rd period - Shot Misses the Net.
Goals for this period are 3 for Canucks vs 0 for Islander.
Shots for this period are 11 for Canucks vs 17 for Islander.
Output by the SimonT Hockey Simulator (STHS) for Francois Prevost